 Dungeon Sprint DCSS version 0.22.1-1-ga44c0e56f4 (webtiles) character file.

39 MuseOD the Sneak (level 3, -3/18 HPs)
             Began as a Spriggan Enchanter on Sept 28, 2018.
             Drowned by a water elemental (4 damage)
             ... in the Dungeon (Sprint III: "The Ten Rune Challenge").
             The game lasted 00:01:08 (528 turns).

MuseOD the Sneak (Spriggan Enchanter)                Turns: 528, Time: 00:01:08

Health: -3/18      AC:  1    Str:  4    XL:     3   Next: 26%
Magic:  8/8        EV: 18    Int: 17    God:
Gold:   11         SH:  0    Dex: 16    Spells: 2/8 levels left

rFire    . . .     SeeInvis +   a - +1 dagger
rCold    . . .     Gourm    .   (shield restricted)
rNeg     . . .     Faith    .   b - +0 robe
rPois    .         Spirit   .   (helmet restricted)
rElec    .         Reflect  .   (no cloak)
rCorr    .         Harm     .   (gloves unavailable)
MR       .....     NoTele   +   (boots unavailable)
Stlth    +++.......             (no amulet)
HPRegen  0.06/turn              (no ring)
MPRegen  0.11/turn              (no ring)

@: engulfed (cannot breathe), very quick
A: very small, unfitting armour, see invisible, deformed body, herbivore, speed
3, slow metabolism 2
a: no special abilities


You were in the Dungeon.
You were not hungry.

You visited 1 branch You collected 11 gold pieces.

Inventory:

Hand Weapons
 a - a +1 dagger (weapon)
Armour
 b - a +0 robe (worn)
Scrolls
 c - a scroll of holy word {unknown}
 i - 3 scrolls of identify
 j - a scroll of blinking
 k - a scroll of torment {unknown}
 l - a scroll of magic mapping {unknown}
 m - 2 scrolls of remove curse
Potions
 e - a potion of curing
 f - a potion of heal wounds
 g - 2 potions of haste
 h - 2 potions of magic
 n - a potion of agility {unknown}
 o - 2 potions of flight
Comestibles
 d - 4 rations


   Skills:
 + Level 2.0 Fighting
 * Level 4.2 Short Blades
 - Level 3.2 Dodging
 + Level 6.6 Stealth
 - Level 3.0 Spellcasting
 - Level 4.9 Hexes


You had 2 spell levels left.
You knew the following spells:

 Your Spells              Type           Power        Failure   Level  Hunger
a - Corona                Hex            ###....      2%          1    None
b - Ensorcelled Hibernat  Hex/Ice        ##....       10%         2    ##.....
c - Confuse               Hex            ###.....     7%          3    ###....

Your spell library contained the following spells:

 Spells                   Type           Power        Failure   Level  Hunger
 Tukima's Dance           Hex            ###.....     7%          3    ###....
 Dazzling Spray           Conj/Hex       ##....       19%         3    ###....


Dungeon Overview and Level Annotations

Branches:
Dungeon (1/1)

Altars:


Innate Abilities, Weirdness & Mutations

You are very small and have problems with some larger weapons.
You are too small for most types of armour.
You have supernaturally acute eyesight. (SInv)
You are a herbivore.
You cover ground extremely quickly.
You need to consume almost no food.
Armour fits poorly on your strangely shaped body.


Message History

The water elemental is lightly damaged.
The water elemental hits you!
Ouch! That really hurt!
The water elemental engulfs you in water!
You are too injured to fight recklessly!
You are too injured to fight recklessly!
You are too injured to fight recklessly!
You are too injured to fight recklessly!
You hit the water elemental.
The water elemental is lightly damaged.
* * * LOW HITPOINT WARNING * * *
Your lungs strain for air!
You hit the water elemental.
The water elemental is moderately damaged.
* * * LOW HITPOINT WARNING * * *
Your lungs strain for air!
The water elemental barely misses you.
You barely miss the water elemental.
The water elemental is moderately damaged.
You die...

▓▓▓▓▓▓▓▓▓▓▓ ▓▓▓
.#..'...♣.♣♣ ♣.#
.#..#......♣ ♣♣.#
†####......♣ ♣..#
....#....≈.♣♣♣..###+#+##
....#...≈≈♣.♣.♣.#.......
...[#..≈≈≈≈♣♣.♣.@.⌠.....
###'#..≈≈≈≈≈≈.♣.#E..####
..†.#.≈≈≈≈≈≈....#.⌠.#
..†.#.≈≈≈≈≈.....#...#
....#.≈≈≈.......#+###
#####...........#
..†.............#
▓▓▓▓▓▓▓▓▓▓▓▓▓▓▓▓▓


You could see a water elemental.

Vanquished Creatures
  A human (D)
  A wolf (D)
  An ooze (D)
  3 rats (D)
6 creatures vanquished.

Vanquished Creatures (others)
  2 draconian scorchers (D)
  6 hellions (D)
  3 plants (D)
11 creatures vanquished.

Grand Total: 17 creatures vanquished

Notes
Turn   | Place    | Note
-------+----------+-------------------------------------------
     0 | D        | MuseOD the Spriggan Enchanter began the quest for the Orb.
     0 | D        | Reached XP level 1. HP: 9/9 MP: 5/5
    17 | D        | Reached skill level 5 in Stealth
    88 | D        | Killed a hellion
   104 | D        | Killed a hellion
   104 | D        | Killed a hellion
   125 | D        | Killed a hellion
   154 | D        | Killed a white draconian scorcher
   178 | D        | Killed a hellion
   181 | D        | Killed a hellion
   224 | D        | Noticed a wolf
   258 | D        | Reached skill level 1 in Fighting
   258 | D        | Reached skill level 6 in Stealth
   258 | D        | Reached XP level 2. HP: 8/14 MP: 7/7
   262 | D        | Reached XP level 3. HP: 4/18 MP: 8/8
   269 | D        | Learned a level 2 spell: Ensorcelled Hibernation
   270 | D        | Killed a white draconian scorcher
   273 | D        | Learned a level 3 spell: Confuse
   452 | D        | Gained mutation: You are agile. (Dex +2) [potion of
                  | mutation]
   452 | D        | Gained mutation: Your spells are a little harder to cast,
                  | but a little more powerful. [potion of mutation]
   452 | D        | Gained mutation: You are partially covered in thin metallic
                  | scales. (AC +2) [potion of mutation]
   506 | D        | Lost mutation: Your spells are a little harder to cast, but
                  | a little more powerful. [potion of mutation]
   506 | D        | Lost mutation: You are partially covered in thin metallic
                  | scales. (AC +2) [potion of mutation]
   506 | D        | Gained mutation: You are very agile. (Dex +4) [potion of
                  | mutation]
   506 | D        | Gained mutation: Your spells are a little harder to cast,
                  | but a little more powerful. [potion of mutation]
   507 | D        | Lost mutation: You are very agile. (Dex +4) [potion of
                  | mutation]
   507 | D        | Lost mutation: Your spells are a little harder to cast, but
                  | a little more powerful. [potion of mutation]
   507 | D        | Gained mutation: You are weak. (Str -2) [potion of
                  | mutation]
   507 | D        | Lost mutation: You are agile. (Dex +2) [potion of mutation]
   507 | D        | Gained mutation: Your flesh is heat resistant. (rF+)
                  | [potion of mutation]
   508 | D        | Lost mutation: You are weak. (Str -2) [potion of mutation]
   508 | D        | Lost mutation: Your flesh is heat resistant. (rF+) [potion
                  | of mutation]
   508 | D        | Gained mutation: Armour fits poorly on your strangely
                  | shaped body. [potion of mutation]
   508 | D        | Gained mutation: You are resistant to hostile enchantments.
                  | (MR+) [potion of mutation]
   508 | D        | Lost mutation: You are resistant to hostile enchantments.
                  | (MR+) [potion of mutation]
   523 | D        | Noticed a water elemental
   528 | D        | Drowned by a water elemental

Skill      XL: |  1  2 |
---------------+-------+-----
Hexes          | 4 |  4.9
Stealth        | 6 |  6.6
Spellcasting   | 3 |  3.0
Fighting       | 1 2 |  2.0
Short Blades   | 3 4 |  4.2
Dodging        | |  3.2

Action                   || total
-------------------------++-------
Melee: Dagger            ||    37
  Use: Potion            ||     5
 Stab: Sleeping          ||     1
Armor: Robe              ||     1
Dodge: Dodged            ||    19
